 Dungeon Crawl Stone Soup version 0.30-a0-55-g90e3122c3a (webtiles) character file.

Game seed: 16183409278797431765

254 Decritt the Covered (level 6, -5/40 HPs)
             Began as a Gargoyle Fighter on Sept 10, 2022.
             Killed by divine providence
             ... invoked by an orc priest
              (7 damage)
             ... on level 4 of the Dungeon.
             The game lasted 00:04:40 (2917 turns).

Decritt the Covered (Gargoyle Fighter)              Turns: 2917, Time: 00:04:40

Health: -5/40      AC: 21    Str: 22    XL:     6   Next: 14%
Magic:  6/6        EV:  6    Int:  8    God:
Gold:   142        SH:  4    Dex: 11    Spells: 5/5 levels left

rFire   . . .      SeeInvis .    f - +2 dagger (holy)
rCold   . . .      Faith    .    c - +0 buckler
rNeg    + + .      Spirit   .    v - +0 plate armour
rPois   ∞          Reflect  .    (no helmet)
rElec   +          Harm     .    i - +0 cloak
rCorr   +          Rampage  .    q - +2 pair of gloves of the Old and Reckless {-Tele rN+ rCorr Dex+2}
Will    .....      NoTele   +    (no boots)
Stlth   ..........               (no amulet)
HPRegen 0.13/turn                (no ring)
MPRegen 0.10/turn                (no ring)

@: mighty
A: sickness immunity, AC +4, negative energy resistance 1, electricity
resistance, torment resistance 1, petrification resistance
a: no special abilities


You were on level 4 of the Dungeon.
You visited 1 branch of the dungeon, and saw 4 of its levels.

You collected 142 gold pieces.

Inventory:

Hand Weapons
 a - a +0 flail
 f - a +2 dagger of holy wrath (weapon)
Armour
 b - a +0 scale mail
 c - a +0 buckler (worn)
 i - a +0 cloak (worn)
 q - the +2 pair of gloves of the Old and Reckless (worn) {-Tele rN+ rCorr Dex+2}
   (You found it on level 2 of the Dungeon)

   Dex:       It affects your dexterity (+2).
   rN:        It protects you from negative energy.
   -Tele:     It prevents most forms of teleportation.
   rCorr:     It protects you from acid and corrosion.
 v - a +0 plate armour (worn)
Jewellery
 y - a +6 ring of intelligence
Wands
 m - a wand of flame (13)
Scrolls
 h - a scroll of blinking {unknown}
 j - a scroll of vulnerability {unknown}
 l - a scroll of enchant weapon {unknown}
 n - a scroll of identify {unknown}
 o - 2 scrolls of teleportation {unknown}
 p - a scroll of poison {unknown}
 r - a scroll of butterflies {unknown}
 t - a scroll of magic mapping {unknown}
Potions
 e - a potion of flight {unknown}
 g - 2 potions of lignification {unknown}
 k - 3 potions of curing {unknown}
 s - a potion of ambrosia {unknown}
 u - a potion of mutation {unknown}
 x - a potion of berserk rage {unknown}


   Skills:
 * Level 5.2 Fighting
 + Level 3.2 Maces & Flails
 * Level 5.3 Armour
 - Level 3.2 Shields


You had 5 spell levels left.
You didn't know any spells.
Your spell library contained the following spells:

 Spells                   Type           Power      Damage    Failure   Level
 Sandblast                Erth           0%         2d4       100%        1
 Passwall                 Tmut/Erth      0%         N/A       100%        2
 Stone Arrow              Conj/Erth      0%         3d7       100%        3


Dungeon Overview and Level Annotations

Branches:
Dungeon (3/15)

Altars:
Cheibriados
Qazlal
Vehumet
Xom

Annotations:
D:3 1 transporter


Innate Abilities, Weirdness & Mutations

You are immune to sickness and miasma.
Your stone body is resilient. (AC +4)
You are immune to poison.
You resist negative energy. (rN+)
You are resistant to electric shocks. (rElec)
You are resistant to unholy torment.
You are immune to petrification.


Message History

You hit the orc.
The orc is severely wounded.
The orc hits you but does no damage. x2
The orc priest casts a cantrip, but nothing happens.
The orc barely misses you.
You hit the orc.
You kill the orc!
You block the orc's attack. The orc hits you but does no damage.
You barely miss the orc priest. The orc closely misses you.
The orc hits you but does no damage. The orc priest closely misses you.
You hit the orc priest.
The orc priest is moderately wounded.
You block the orc's attack.
The orc priest hits you but does no damage.
You block the orc's attack.
You barely miss the orc priest.
The orc priest is moderately wounded.
The orc hits you from afar with a +0 trident.
* * * LOW HITPOINT WARNING * * *
You block the orc's attack.
The orc priest invokes the aid of Beogh against you.
Beogh smites you!
* * * LOW HITPOINT WARNING * * *
You hit the orc priest.
The orc priest is moderately wounded.
The orc hits you but does no damage. The orc barely misses you.
You block the orc priest's attack.
Unknown command.
You feel very mighty all of a sudden. The orc hits you but does no damage. x2
The orc priest hits you but does no damage.
You puncture the orc priest!
The orc priest is almost dead.
The orc hits you but does no damage. x2; The orc priest closely misses you.
You barely miss the orc priest.
The orc priest is almost dead.
The orc hits you but does no damage. x2
The orc priest invokes the aid of Beogh against you.
Beogh smites you!
You die...

..... #..............##..#......#
......#.............##..##......#
......#.............#..##.......#
.## #............##..##.......#
.# ..#+###+##...#..##...######
..# ..+ .....+...#..##...#.....
.# ..# ....#...#..##...#..... #
...# #..#..##..##...######
#..#@)#..##.......###
#.ooo##..##.......#..
#.$.(....#..##........#..
#........#..##._......'..
#..##....#..##.......†##. ##
#....##..##.###....#.
......##..#...'....#. .......
#..##..#....#.
.........#..##..#....#.


You could see an orc priest and 2 orcs.

Vanquished Creatures
  A scorpion (D:4)
  2 hounds (D:4)
  A jelly (D:4)
  An orc wizard (D:3)
  An ufetubus (D:4)
  A worm (D:2)
  A dart slug (D:1)
  9 orcs
  6 ball pythons
  5 bats
  3 endoplasms (D:2)
  2 giant cockroaches (D:2)
  7 hobgoblins
  3 jackals (D:1)
  2 quokkas
  2 frilled lizards (D:2)
  5 goblins
  3 kobolds
  4 rats
59 creatures vanquished.

Vanquished Creatures (others)
  A withered plant (D:3)
1 creature vanquished.

Grand Total: 60 creatures vanquished

Notes
Turn   | Place    | Note
-------+----------+-------------------------------------------
     0 | D:1      | Decritt the Gargoyle Fighter began the quest for the Orb.
     0 | D:1      | Reached XP level 1. HP: 14/14 MP: 1/1
   102 | D:1      | Reached XP level 2. HP: 18/19 MP: 2/2
   692 | D:1      | Reached XP level 3. HP: 24/24 MP: 3/3
  1061 | D:2      | Identified the +2 pair of gloves of the Old and Reckless
                  | {-Tele rN+ rCorr Dex+2}
  1627 | D:2      | Found a radiant altar of Vehumet.
  2075 | D:3      | Reached XP level 4. HP: 30/30 MP: 4/4
  2156 | D:3      | Found a transporter.
  2157 | D:3      | Noticed a phantom
  2163 | D:3      | You fall into a shaft and drop 1 floor!
  2220 | D:4      | Found a shimmering altar of Xom.
  2226 | D:4      | Reached XP level 5. HP: 30/34 MP: 5/5
  2310 | D:4      | Found a snail-covered altar of Cheibriados.
  2410 | D:4      | Reached skill level 5 in Fighting
  2410 | D:4      | Reached skill level 5 in Armour
  2649 | D:4      | Found a radiant altar of Vehumet.
  2726 | D:4      | Reached XP level 6. HP: 25/40 MP: 6/6
  2886 | D:4      | Found a stormy altar of Qazlal.
  2913 | D:4      | HP: 1/40 [orc priest/divine providence (11)]
  2917 | D:4      | Killed from afar by an orc priest

Illustrated notes

Levels and vault maps discovered:
D:1:      minmay_arrival_up_and_down, layout_loops_ring
D:2:      layout_basic, basic_altar, minmay_misc_feat_doors, minmay_octomino_c4
D:3:      layout_basic, nzn_hepliaklqana_mist_gate,
          ebering_ecumenical_altar_petrified, gammafunk_ghost_mausoleum
D:4:      layout_gridville, mainiacjoe_overflow_catch_the_wave,
          mainiacjoe_overflow_boulevard, mainiacjoe_overflow_large_starburst,
          chequers_serial_rivers_room_a

Skill      XL: |  1  2  3  4  5 |
---------------+----------------+-----
Armour         | 4 5 |  5.3
Fighting       | 4 5 |  5.2
Maces & Flails | 3 |  3.2
Shields        | |  3.2

Action                   |  1- 3 |  4- 6 || total
-------------------------+-------+-------++-------
Melee: Flail             |    70 |       ||    70
       Dagger            |    57 |   145 ||   202
Throw: Dart              |    50 |     5 ||    55
  Use: Potion            |       |     1 ||     1
Armor: Scale mail        |    53 |       ||    53
       Plate armour      |     6 |   105 ||   111
Dodge: Dodged            |    53 |    50 ||   103
Block: Buckler           |    27 |    44 ||    71

Table legend: (Time is in decaauts)
 A = Elapsed time spent in this place.
 B = Non-inter-level travel time spent in this place.
 C = Inter-level travel time spent in this place.
 D = Time resting spent in this place.
 E = Time spent auto-exploring this place.
 F = Levels seen in this place.
 G = Mean time per level.
                   A        B        C        D        E       F      G
               +--------+--------+--------+--------+--------+-----+--------+
         Total |   2950 |   2881 |     69 |      0 |   2262 |   4 |  737.5 |
       Dungeon |   2950 |   2881 |     69 |      0 |   2262 |   4 |  737.5 |
               +--------+--------+--------+--------+--------+-----+--------+

Top non-repeatable levels by time:
     D:2: 1304 daAuts
     D:4: 759 daAuts
     D:1: 742 daAuts
     D:3: 143 daAuts
